 Dungeon Crawl Stone Soup version 0.21.0-37-g46506fa (webtiles) character file.

4960 Zhenya24pyc the Basher (level 10, -4/67 HPs)
             Began as a Gargoyle Fighter on Feb 1, 2018.
             Was a Believer of Okawaru.
             Killed from afar by Maurice (16 damage)
             ... with a wand of acid (5)
             ... on level 8 of the Dungeon.
             The game lasted 00:21:27 (7534 turns).

Zhenya24pyc the Basher (Gargoyle Fighter)           Turns: 7534, Time: 00:21:27

Health: -4/67      AC: 25    Str: 24    XL:     10   Next: 53%
Magic:  12/12      EV:  3    Int:  8    God:    Okawaru [**....]
Gold:   51         SH: 14    Dex:  9    Spells: 9/9 levels left

rFire    . . .     SeeInvis .   b - +0 morningstar (crush)
rCold    + . .     Gourm    .   t - +0 large shield
rNeg     + + .     Faith    .   A - +2 plate armour {rC+}
rPois    ∞         Spirit   .   F - +2 hat {MR+}
rElec    +         Reflect  .   (no cloak)
rCorr    .         Harm     .   z - +0 pair of gloves
MR       +....                  n - +0 pair of boots
Stlth    ..........             (no amulet)
HPRegen  0.21/turn              r - ring of positive energy
MPRegen  0.13/turn              (no ring)

@: no status effects
A: negative energy resistance 1, electricity resistance, unbreathing,
petrification resistance, rot immunity, AC +7
a: Heroism, Renounce Religion


You were on level 8 of the Dungeon.
You worshipped Okawaru.
Okawaru was pleased with you.
You were not hungry.

You visited 2 branches of the dungeon, and saw 9 of its levels.
You also visited: Sewer.

You collected 372 gold pieces.
You spent 321 gold pieces at shops.

Inventory:

Hand Weapons
 b - a +0 morningstar of crushing (weapon)
 s - a +3 flail
Armour
 n - a +0 pair of boots (worn)
 t - a +0 large shield (worn)
 z - a +0 pair of gloves (worn)
 A - a +2 plate armour of cold resistance (worn)
 F - a +2 hat of magic resistance (worn)
Jewellery
 r - a ring of positive energy (left hand)
 y - the ring "Aniakiug" {+Blink rC++ Dex+2 Slay-3}
   (You bought it in a shop on level 5 of the Dungeon)

   [ring of dexterity]

   It affects your dexterity (+2).
   It affects your accuracy and damage with ranged weapons and melee attacks
   (-3).
   It greatly protects you from cold.
   It lets you blink.
Wands
 u - a wand of disintegration (12)
 C - a wand of flame (27)
Scrolls
 e - 6 scrolls of identify
 g - 3 scrolls of magic mapping
 i - 2 scrolls of enchant armour {unknown}
 l - 5 scrolls of remove curse {unknown}
 m - 2 scrolls of fear {unknown}
 q - 3 scrolls of teleportation {unknown}
 x - a scroll of noise {unknown}
 B - 3 scrolls of torment {unknown}
 D - a scroll of random uselessness {unknown}
Potions
 a - 3 potions of agility
 c - a potion of heal wounds {unknown}
 d - 2 potions of might
 h - 3 potions of magic {unknown}
 j - 3 potions of degeneration
 k - a potion of mutation {unknown}
 o - a potion of resistance {unknown}
 p - 4 potions of curing
 v - 3 potions of flight {unknown}
 w - a potion of cancellation {unknown}
 G - a potion of lignification {unknown}
Comestibles
 f - 10 rations
 E - 8 chunks of flesh


   Skills:
 + Level 9.7 Fighting
 + Level 11.4 Maces & Flails
 + Level 4.8 Armour
 + Level 2.4 Dodging
 - Level 3.2 Shields
 + Level 3.3 Invocations


You had 9 spell levels left.
You didn't know any spells.

Dungeon Overview and Level Annotations

Branches:
Dungeon (8/15)             Temple (1/1) D:7
   Lair: D:8-11

Altars:
Ashenzari
Cheibriados
Dithmenos
Elyvilon
Fedhas
Gozag
Hepliaklqana
Kikubaaqudgha
Makhleb
Nemelex Xobeh
Okawaru
Qazlal
Ru
Sif Muna
Trog
Uskayaw
Vehumet
Wu Jian
Xom
Yredelemnul
Zin
The Shining One

Shops:
D:5 *   D:6 [[?}(

Annotations:
D:8 Maurice


Innate Abilities, Weirdness & Mutations

You are resistant to torment.
Your stone body is resilient. (AC +7)
You are immune to poison.
You resist negative energy. (rN+)
You are resistant to electric shocks. (rElec)
You can survive without breathing.
You are immune to petrification.
You are immune to rotting.


Message History

* * * LOW HITPOINT WARNING * * *
You are too injured to fight recklessly!
You are too injured to fight recklessly!
You block Maurice's attack.
Found a pair of boots.
You hit Maurice.
Maurice is heavily wounded.
Maurice casts a spell.
Maurice flickers and vanishes!
Deactivating autopickup; reactivate with Ctrl-A.
You barely miss something.
You hear a zap.
A bolt of acid appears from out of thin air!
The bolt of acid hits you!
You are splashed with acid!
The acid burns!
* * * LOW HITPOINT WARNING * * *
Your plate armour prevents you from hitting something.
You hear a zap.
A bolt of acid appears from out of thin air!
The bolt of acid hits you!
You die...

.... ####.........##
...... #..........#[##
...... #..............
[.....####.........#####
.........######...##
#........#######..##
#................>.#
#........$.........#
......{@...........#
#.....##############
##### §§§$ ### .. #


There were no monsters in sight!

Vanquished Creatures
  Gastronok (D:8)
  The ghost of Andry07 the Fighter, a novice GrFi (D:4)
  A troll (D:7)
  Sigmund (D:4)
  Eustachio (D:5)
  Edmund (D:4)
  2 orc warriors
  3 sky beasts
  The ghost of Nanban the Skirmisher, an amateur DsFi of Okawaru (D:3)
  2 ogres
  A necrophage (D:7)
  A phantom (D:5)
  A big kobold (Sewer)
  5 bullfrogs
  A scorpion (D:6)
  5 howler monkeys
  2 crimson imps
  A bullfrog zombie (D:7)
  2 centaur skeletons
  An orc priest (D:6)
  2 hounds
  3 bullfrog skeletons
  A gnoll shaman (D:5)
  2 iguanas
  3 orc wizards
  3 worker ants
  A hound skeleton (D:5)
  A worker ant zombie (D:7)
  A howler monkey skeleton (D:5)
  7 gnolls
  2 river rats (Sewer)
  9 adders
  2 shadow imps
  3 oozes (D:1)
  2 adder skeletons
  3 worms
  4 dart slugs
  9 leopard geckos
  19 orcs
  6 giant cockroaches
  7 goblins
  12 hobgoblins
  9 jackals
  4 quokkas
  A ball python (D:3)
  7 bats
  4 frilled lizards
  13 kobolds
  7 rats
181 creatures vanquished.

Vanquished Creatures (others)
  An orc wizard (D:7)
1 creature vanquished.

Grand Total: 182 creatures vanquished

Notes
Turn   | Place    | Note
-------+----------+-------------------------------------------
     0 | D:1      | Zhenya24pyc the Gargoyle Fighter began the quest for the Orb.
     0 | D:1      | Reached XP level 1. HP: 14/14 MP: 1/1
    54 | D:1      | Reached XP level 2. HP: 12/19 MP: 2/2
   342 | D:1      | Reached skill level 3 in Maces & Flails
   345 | D:1      | Reached XP level 3. HP: 17/24 MP: 3/3
   641 | D:1      | You fall through a shaft!
  1266 | D:2      | Reached XP level 4. HP: 27/29 MP: 4/4
  1776 | D:2      | Reached skill level 4 in Maces & Flails
  1980 | D:3      | Reached XP level 5. HP: 32/34 MP: 5/5
  2008 | D:3      | Found a shattered altar of Ashenzari.
  2542 | D:3      | Noticed Nanban's ghost (amateur DsFi)
  2727 | D:4      | Reached skill level 5 in Maces & Flails
  2727 | D:4      | Reached XP level 6. HP: 38/40 MP: 6/6
  2747 | D:4      | Noticed Andry07's ghost (novice GrFi)
  2757 | D:4      | Killed Andry07's ghost
  2757 | D:4      | Reached skill level 5 in Fighting
  2757 | D:4      | Reached skill level 6 in Maces & Flails
  2757 | D:4      | Reached XP level 7. HP: 32/44 MP: 7/7
  3088 | D:4      | Noticed Edmund
  3109 | D:4      | Killed Edmund
  3109 | D:4      | Reached skill level 7 in Maces & Flails
  3133 | D:4      | Noticed Sigmund
  3179 | D:4      | HP: 1/46 [something/puff of flame (4)]
  3182 | D:4      | Killed Sigmund
  3182 | D:4      | Reached XP level 8. HP: 2/52 MP: 8/8
  3545 | D:4      | Found a faded altar of an unknown god.
  3545 | D:4      | Found a shadowy altar of Dithmenos.
  3550 | D:4      | Found a bloodstained altar of Trog.
  3552 | D:4      | Found a faded altar of an unknown god.
  3554 | D:4      | Found a sparkling altar of Nemelex Xobeh.
  3647 | D:5      | Entered Level 5 of the Dungeon
  3727 | D:3      | Killed Nanban's ghost
  3786 | D:5      | Reached skill level 8 in Maces & Flails
  3914 | D:5      | Found Guikhoeg's Assorted Antiques.
  3922 | D:5      | Bought a crude bronze ring for 125 gold pieces
  3922 | D:5      | Identified the ring "Aniakiug" {+Blink rC++ Dex+2 Slay-3} (You bought it in a shop on level 5 of the Dungeon)
  4561 | D:5      | Found a deep blue altar of Sif Muna.
  4714 | D:6      | Reached skill level 9 in Maces & Flails
  4854 | D:6      | Found Huapom's Magic Scroll Boutique.
  4859 | D:6      | Reached XP level 9. HP: 56/58 MP: 9/9
  4929 | D:6      | Found Kic Oxkucu's Antique Weapon Shop.
  5063 | D:6      | Found Echueg's Gadget Shoppe.
  5135 | D:6      | Found a glowing drain.
  5168 | Sewer    | Entered a sewer
  5304 | Sewer    | Found a white marble altar of Elyvilon.
  5478 | D:6      | Found Miumaze's Antique Armour Shoppe.
  5479 | D:6      | Noticed Eustachio
  5518 | D:5      | Killed Eustachio
  5518 | D:5      | Reached skill level 10 in Maces & Flails
  5815 | D:6      | Found Wemuiqur's Armour Shop.
  6374 | D:6      | Bought a glowing morningstar for 196 gold pieces
  6613 | D:7      | Found a staircase to the Ecumenical Temple.
  6622 | Temple   | Entered the Ecumenical Temple
  6713 | Temple   | Became a worshipper of Warmaster Okawaru
  6805 | D:7      | Noticed a troll
  6814 | D:7      | Killed a troll
  6871 | D:7      | Reached * piety under Okawaru
  6930 | D:7      | Reached skill level 11 in Maces & Flails
  7186 | D:7      | Reached skill level 1 in Invocations
  7216 | D:7      | Reached XP level 10. HP: 65/66 MP: 10/10
  7340 | D:7      | Found a sacrificial altar of Ru.
  7366 | D:8      | Reached skill level 1 in Dodging
  7387 | D:8      | Noticed Gastronok
  7399 | D:8      | Killed Gastronok
  7399 | D:8      | Reached ** piety under Okawaru
  7522 | D:8      | Noticed Maurice
  7534 | D:8      | Killed from afar by Maurice

Skill      XL: |  1  2  3  4  5  6  7  8  9 10 |
---------------+-------------------------------+-----
Maces & Flails | 3 4 5 6 7 9 11 | 11.4
Fighting       | 4 5 6 7 9 |  9.7
Invocations    | 1 3 |  3.3
Dodging        | 2 |  2.4
Armour         | 4 |  4.8
Shields        | |  3.2

Action                   |  1- 3 |  4- 6 |  7- 9 | 10-12 || total
-------------------------+-------+-------+-------+-------++-------
Melee: Flail             |   125 |   201 |   417 |       ||   743
       Morningstar       |       |       |    80 |    49 ||   129
Invok: Heroism           |       |       |       |     1 ||     1
  Use: Scroll            |       |       |     2 |       ||     2
  Eat: Chunk             |     1 |     6 |    15 |     1 ||    23
Armor: Scale mail        |    77 |   133 |   216 |       ||   426
       Plate armour      |       |       |    58 |    32 ||    90
Dodge: Dodged            |    51 |    58 |    55 |       ||   164
Block: Shield            |    59 |    51 |       |       ||   110
       Large shield      |       |   105 |   325 |    26 ||   456
